 Dungeon Crawl Stone Soup version 0.21.1-1-g345015fe64 (webtiles) character file.

339 Fymir27 the Sneak (level 6, -3/51 HPs)
             Began as a Minotaur Assassin on Mar 19, 2018.
             Was an Initiate of Makhleb.
             Slain by an ice beast (7 damage)
             ... on level 4 of the Dungeon.
             The game lasted 00:29:49 (2842 turns).

Fymir27 the Sneak (Minotaur Assassin)               Turns: 2842, Time: 00:29:50

Health: -3/51      AC:  5    Str: 15    XL:     6   Next: 29%
Magic:  5/5        EV: 13    Int:  8    God:    Makhleb [......]
Gold:   172        SH:  0    Dex: 14    Spells: 5/5 levels left

rFire    . . .     SeeInvis .   a - +2 dagger
rCold    . . .     Gourm    .   (no shield)
rNeg     . . .     Faith    .   t - +2 robe
rPois    .         Spirit   .   (helmet restricted)
rElec    .         Reflect  .   d - +0 cloak
rCorr    .         Harm     .   (no gloves)
MR       .....                  (no boots)
Stlth    +++.......             y - amulet of magic regeneration
HPRegen  0.17/turn              (no ring)
MPRegen  0.34/turn              (no ring)

@: no status effects
A: retaliatory headbutt, horns 2
a: Renounce Religion


You were on level 4 of the Dungeon.
You worshipped Makhleb.
Makhleb was noncommittal.
You were not hungry.

You visited 2 branches of the dungeon, and saw 5 of its levels.

You collected 172 gold pieces.

Inventory:

Hand Weapons
 a - a +2 dagger (weapon)
 b - a +0 blowgun
 h - a +0 hunting sling
 m - a +0 short sword
 s - a +0 scythe
Missiles
 q - 39 bolts
Armour
 c - a +0 robe
 d - a +0 cloak (worn)
 i - a +0 leather armour
 t - a +2 robe (worn)
 z - a +0 leather armour
Jewellery
 y - an amulet of magic regeneration (around neck)
Scrolls
 w - a scroll of amnesia {unknown}
 x - a scroll of immolation
Potions
 j - 2 potions of flight
 k - a potion of cancellation {unknown}
 n - a potion of degeneration {unknown}
 v - a potion of curing {unknown}
Comestibles
 g - 4 rations


   Skills:
 + Level 3.1 Fighting
 + Level 3.6 Short Blades
 + Level 2.1 Throwing
 + Level 2.6 Armour
 + Level 2.8 Dodging
 + Level 5.0 Stealth


You had 5 spell levels left.
You didn't know any spells.

Dungeon Overview and Level Annotations

Branches:
Dungeon (4/15)             Temple (1/1) D:4

Altars:
Ashenzari
Cheibriados
Elyvilon
Fedhas
Gozag
Kikubaaqudgha
Makhleb
Nemelex Xobeh
Qazlal
Ru
Sif Muna
Uskayaw
Vehumet
Xom
Yredelemnul
Zin
The Shining One


Innate Abilities, Weirdness & Mutations

You reflexively headbutt those who attack you in melee.
You have a pair of horns on your head.


Message History

The ice beast freezes you!
* * * LOW HITPOINT WARNING * * *
You hit the ice beast. Your headbutt misses the ice beast.
The ice beast is severely wounded.
The ice beast hits you but does no damage.
You hit the ice beast but do no damage.
The ice beast is severely wounded.
The ice beast closely misses you. As you open the door, it creaks loudly!
The ice beast closely misses you. You furiously retaliate!
You headbutt the ice beast.
Found a ration and 26 sling bullets.
You barely miss the ice beast.
The ice beast is almost dead.
You closely miss the ice beast.
The ice beast is almost dead.
The ice beast hits you.
* * * LOW HITPOINT WARNING * * *
The ice beast freezes you!
You die...

#### ###### #... ########....#
#..( #..#...+....# #...
#..#...#....# # .#######..%
#..#...#....# .#####..........
#.# #..#....#
.##..#.......##'####.###..#....#
.##..#.......#..@Y...#....'....#
.##'##.......#....(..'....#....#
.#...........#.......#(...#....#
##...........#...##..##...#....#
.............#...###'##...#....#
.............#.......##.((#....#
.............#.......##..(#....#
......†......######'###...'....#
.............#..###..##...#....#


You could see an ice beast.

Vanquished Creatures
  Sigmund (D:3)
  2 orc wizards (D:3)
  A worker ant (D:4)
  5 adders
  A worm (D:4)
  3 leopard geckos
  6 orcs (D:3)
  A giant cockroach (D:1)
  6 hobgoblins
  3 jackals (D:4)
  12 kobolds
  5 bats
  3 frilled lizards
  7 goblins
  11 rats
67 creatures vanquished.

Notes
Turn   | Place    | Note
-------+----------+-------------------------------------------
     0 | D:1      | Fymir27 the Minotaur Assassin began the quest for the Orb.
     0 | D:1      | Reached XP level 1. HP: 18/18 MP: 0/0
   243 | D:1      | Reached XP level 2. HP: 17/25 MP: 1/1
   855 | D:2      | Reached skill level 4 in Stealth
   855 | D:2      | Reached XP level 3. HP: 28/30 MP: 2/2
   936 | D:2      | Found a basalt altar of Yredelemnul.
   997 | D:2      | Found a glowing golden altar of the Shining One.
  1327 | D:3      | Reached XP level 4. HP: 18/37 MP: 3/3
  1610 | D:3      | Reached XP level 5. HP: 30/42 MP: 4/4
  1631 | D:3      | Reached skill level 1 in Armour
  1754 | D:3      | Noticed Sigmund
  2005 | D:3      | Killed Sigmund
  2005 | D:3      | Reached skill level 5 in Stealth
  2005 | D:3      | Reached XP level 6. HP: 26/51 MP: 5/5
  2310 | D:4      | Found a staircase to the Ecumenical Temple.
  2383 | Temple   | Entered the Ecumenical Temple
  2587 | Temple   | Became a worshipper of Makhleb the Destroyer
  2696 | D:4      | Found a stormy altar of Qazlal.
  2730 | D:4      | Found a deep blue altar of Sif Muna.
  2793 | D:4      | Noticed an ice beast
  2842 | D:4      | Slain by an ice beast

Skill      XL: |  1  2  3  4  5 |
---------------+----------------+-----
Stealth        | 4 5 |  5.0
Short Blades   | 3 |  3.6
Dodging        | 2 |  2.8
Armour         | 2 |  2.6
Fighting       | 3 |  3.1
Throwing       | |  2.1

Action                   |  1- 3 |  4- 6 || total
-------------------------+-------+-------++-------
Melee: Dagger            |   112 |   112 ||   224
       Headbutt          |     9 |    24 ||    33
 Fire: Blowgun           |       |    15 ||    15
  Use: Potion            |       |     1 ||     1
       Scroll            |       |     5 ||     5
 Stab: Sleeping          |     6 |     2 ||     8
  Eat: Ration            |     1 |     1 ||     2
       Chunk             |       |     1 ||     1
Armor: Robe              |    15 |     7 ||    22
       Leather armour    |    13 |    18 ||    31
Dodge: Dodged            |    50 |    58 ||   108
